 Dungeon Crawl Stone Soup version 0.31.0 (webtiles) character file.

Game seed: 9718233138858516515

93 qw the Shooter (level 4, -1/29 HPs)
             Began as a Gargoyle Hunter on Jan 19, 2024.
             Slain by Terence
             ... wielding a +0 flail
              (9 damage)
             ... on level 2 of the Dungeon.
             The game lasted 00:00:05 (1235 turns).

qw the Shooter (Gargoyle Hunter)                    Turns: 1235, Time: 00:00:05

Health: -1/29      AC:  6    Str: 15    XL:     4   Next: 61%
Magic:  4/4        EV: 11    Int:  9    God:
Gold:   120        SH:  0    Dex: 15    Spells: 3/3 levels left

rFire   . . .        a - +0 shortbow
rCold   . . .        (shield currently unavailable)
rNeg    + . .        c - +0 leather armour
rPois   inf          (no helmet)
rElec   +            (no cloak)
rCorr   .            (no gloves)
SInv    .            (no boots)
Will    .....        (no amulet)
Stlth   ++           (no ring)
HPRegen 0.24/turn    (no ring)
MPRegen 0.09/turn

%: no passive effects
@: no status effects
A: sickness immunity, AC +3, negative energy resistance 1, electricity
resistance, torment resistance 1, petrification resistance
a: no special abilities


You were on level 2 of the Dungeon.
You visited 1 branch of the dungeon, and saw 2 of its levels.

You collected 120 gold pieces.


Innate Abilities, Weirdness & Mutations

You are immune to sickness and miasma.
Your stone body is resilient. (AC +3)
You are immune to poison.
You resist negative energy. (rN+)
You are resistant to electric shocks. (rElec)
You are resistant to unholy torment.
You are immune to petrification.


   Skills:
 - Level 3.6 Fighting
 + Level 5.2 Ranged Weapons
 - Level 1.5 Dodging
 - Level 1.1 Stealth


You had 3 spell levels left.
You didn't know any spells.
Your spell library was empty.

Inventory:

Hand Weapons
 a - a +0 shortbow (weapon)
Armour
 c - a +0 leather armour (worn)
Scrolls
 b - a scroll of enchant weapon {unknown}
 d - 2 scrolls of teleportation
 e - a scroll of enchant armour {unknown}
 f - a scroll of immolation {unknown}
Potions
 g - a potion of curing {unknown}
 h - a potion of resistance {unknown}
 i - 2 potions of attraction {unknown}

Dungeon Overview and Level Annotations

Branches:
Dungeon (2/15)

Altars:

Annotations:
D:2 Terence


Message History

An adder comes into view.
Terence asks, "Do you want it fast or slow?"
Terence barely misses you. The rat misses you.
You shoot an arrow. The arrow barely misses Terence.
The adder hisses angrily.
Terence hits you but does no damage. The rat closely misses you.
You shoot an arrow. The arrow barely misses Terence.
The rat bites you but does no damage. Terence closely misses you.
Terence barely misses you. The rat closely misses you.
You shoot an arrow. The arrow hits Terence.
Terence is moderately wounded.
A ribbon worm comes into view.
Terence hits you with a +0 flail. The rat closely misses you.
You shoot an arrow. The arrow hits Terence.
Terence is heavily wounded.
Terence barely misses you. The rat misses you.
You shoot an arrow. The arrow barely misses Terence.
The rat misses you. Terence hits you with a +0 flail!
You shoot an arrow. The arrow hits Terence.
Terence is severely wounded.
Terence hits you but does no damage. The rat bites you but does no damage.
You shoot an arrow. The arrow hits Terence.
Terence is severely wounded.
Terence hits you but does no damage. The rat bites you but does no damage.
The ball python bites you but does no damage.
The ball python barely misses you. The rat closely misses you.
Terence hits you but does no damage.
You shoot an arrow. The arrow closely misses Terence.
The ball python closely misses you. The ball python grabs you.
The ball python constricts you. Terence hits you with a +0 flail!
The rat closely misses you.
You shoot an arrow.
The arrow closely misses the ball python.
The ball python barely misses you. The ball python constricts you.
Terence hits you with a +0 flail. The rat bites you but does no damage.
You shoot an arrow. The arrow hits the ball python.
You kill the ball python!
Terence hits you with a +0 flail!
You die...
Terence says, "That felt goooood."

###'#.....#.##########
#.........#.#
#......####.#######
#......##..........
#......##.........%
#......'...........
#......#...........
#......#.#.......#.
#........#.@w......
##...######r@...###
#... .S..#.# #...
.....%.# #...
....#..%. ........##.#
.....###.# . ....#. ..


You could see Terence, a ribbon worm, an adder and a rat.

Vanquished Creatures
  A jelly (D:2)
  An adder (D:2)
  4 dart slugs
  2 ball pythons (D:2)
  An endoplasm (D:1)
  2 giant cockroaches (D:1)
  3 goblins
  6 hobgoblins
  A jackal (D:1)
  6 kobolds
  2 quokkas (D:2)
  4 bats
  6 frilled lizards
  5 rats
44 creatures vanquished.

Notes
Turn   | Place    | Note
-------+----------+-------------------------------------------
     0 | D:1      | qw the Gargoyle Hunter began the quest for the Orb.
     0 | D:1      | Reached XP level 1. HP: 12/12 MP: 1/1
     0 | D:1      | 0 ||| qw: Version: 0.3-a-132-g3d54051
     0 | D:1      | 0 ||| qw: Game counter: 181
     0 | D:1      | 0 ||| qw: Melee chars always use a shield: true
     0 | D:1      | 0 ||| qw: God list: Okawaru
     0 | D:1      | 0 ||| qw: Allow faded altars: false
     0 | D:1      | 0 ||| qw: Do Orc after clearing Dungeon:15 true
     0 | D:1      | 0 ||| qw: Do second Lair branch before Depths: true
     0 | D:1      | 0 ||| qw: Lair rune preference: random
     0 | D:1      | 0 ||| qw: Goals: Normal
     0 | D:1      | 0 ||| PLANNING D:1-11
   117 | D:1      | Reached XP level 2. HP: 15/17 MP: 2/2
   476 | D:1      | 476 ||| READING 2 scrolls labelled ZEFUJOSMAN.
   480 | D:1      | 480 ||| READING scroll labelled JOUPRAL IZAIDD.
   481 | D:1      | 481 ||| READING scroll labelled IVUJAL YMPELE.
   482 | D:1      | 482 ||| READING scroll labelled YFRUN HICA.
   483 | D:1      | 483 ||| READING 2 scrolls labelled RUTIYKK VYDO.
   483 | D:1      | 483 ||| IDENTIFYING grey potion
   484 | D:1      | 484 ||| READING scroll of identify.
   484 | D:1      | 484 ||| IDENTIFYING fizzy brown potion
   485 | D:1      | 485 ||| READING 3 scrolls labelled SYLLEFA AGERUQ.
   586 | D:1      | 586 ||| DROPPING scroll of butterflies.
   587 | D:1      | 587 ||| DROPPING potion of degeneration.
   588 | D:1      | 588 ||| DROPPING 2 scrolls of silence.
   589 | D:1      | 589 ||| DROPPING potion of lignification.
   710 | D:2      | Reached XP level 3. HP: 21/21 MP: 3/3
   791 | D:2      | Reached skill level 5 in Ranged Weapons
   853 | D:2      | 853 ||| FLEEEEING.
   897 | D:2      | Reached skill level 3 in Fighting
   897 | D:2      | Reached XP level 4. HP: 22/29 MP: 4/4
   898 | D:2      | 898 ||| FLEEEEING.
   949 | D:2      | 949 ||| FLEEEEING.
  1118 | D:2      | 1118 ||| FLEEEEING.
  1119 | D:2      | 1119 ||| FLEEEEING.
  1120 | D:2      | 1120 ||| FLEEEEING.
  1216 | D:2      | Noticed Terence
  1235 | D:2      | Slain by Terence

Levels and vault maps discovered:
D:1:      dpeg_arrival_arbitrary_a, layout_rooms, minmay_pentomino_q2
D:2:      minmay_razor_zed, layout_basic, minmay_misc_feat_iff,
          minmay_fractal_squares_5, uniq_terence

Skill      XL: |  1  2  3 |
---------------+----------+-----
Ranged Weapons | 5 |  5.2
Fighting       | 3 |  3.6
Dodging        | |  1.5
Stealth        | |  1.1

Action                     |  1- 3 |  4- 6 || total
---------------------------+-------+-------++-------
   Fire: Shortbow          |    76 |    48 ||   124
    Use: Scroll            |     7 |       ||     7
 Armour: Leather armour    |    16 |    33 ||    49
  Dodge: Dodged            |    11 |    38 ||    49

Table legend:
 A = Non-vault XP
 B = Vault XP
 C = Vault XP percentage of total XP
 D = Non-vault monster count
 E = Vault monster count
 F = Vault count percentage of total count
                 A         B        C        D         E       F
            +---------+---------+-------+---------+---------+-------
      Total |      66 |      69 |  51.1 |      29 |      15 |  34.1
            +---------+---------+-------+---------+---------+-------
        D:1 |      27 |       4 |  12.9 |      15 |       2 |  11.8
        D:2 |      39 |      65 |  62.5 |      14 |      13 |  48.1
            +---------+---------+-------+---------+---------+-------
